 Dungeon Crawl Stone Soup version 0.32-a0-928-g1cae6b7ea0 (webtiles) character file.

Game seed: 17289984330143837774

361 timneilson the Ruffian (level 6, -9/40 HPs)
             Began as an Octopode Shapeshifter on Apr 12, 2024.
             Mangled by an ice beast (14 damage)
             ... on level 5 of the Dungeon.
             The game lasted 00:05:54 (3779 turns).

timneilson the Ruffian (Octopode Shapeshifter)      Turns: 3779, Time: 00:05:56

Health: -9/40      AC:  1    Str: 15    XL:     6   Next: 66%
Magic:  6/6        EV: 13    Int: 16    God:
Gold:   184        SH:  0    Dex: 12    Spells: 5/5 levels left

rFire   . .          .
                       - Unarmed
rCold   . . .        (no shield)
rNeg    . . .        (helmet currently unavailable)
rPois   .            (no amulet)
rElec   .            k - ring "Wuecw" {rCorr Int+4 SInv}
rCorr   +            (no ring)
SInv    +            (no ring)
Will    .....        (no ring)
Stlth   +++          (no ring)
HPRegen 0.26/turn    (no ring)
MPRegen 0.10/turn    (no ring)
                     (no ring)

%: no passive effects
@: beast-form
A: beast (slay +2), almost no armour, amphibious, 8 rings, camouflage 1,
gelatinous body 1, (nimble swimmer 1), tentacles
a: Begin Untransformation


You were on level 5 of the Dungeon.
You were a hulking beast.
You visited 1 branch of the dungeon, and saw 5 of its levels.

You collected 184 gold pieces.

Inventory:

Jewellery
 k - the ring "Wuecw" (left tentacle) {rCorr Int+4 SInv}
   (You acquired it on level 3 of the Dungeon)

   [ring of resist corrosion]

   Int+4:     It affects your intelligence (+4).
   SInv:      It lets you see invisible.
   rCorr:     It protects you from acid and corrosion.
Talismans
 b - a beast talisman (active)
 c - a flux talisman
Wands
 g - a wand of warping (8)
 l - a wand of paralysis (8)
Scrolls
 j - a scroll of poison
Potions
 a - a potion of lignification
 d - 3 potions of heal wounds
 e - 2 potions of brilliance
 f - 2 potions of mutation {unknown}
 h - a potion of resistance {unknown}
 i - a potion of haste {unknown}


   Skills:
 + Level 2.3 Fighting
 * Level 3.7 Dodging
 + Level 2.6 Stealth
 * Level 4.4 Unarmed Combat
 + Level 1.0 Evocations
 * Level 4.1 Shapeshifting


You had 5 spell levels left.
You didn't know any spells.
Your spell library contained the following spells:

 Spells                   Type           Power      Damage    Failure   Level
 Kiss of Death            Conj/Necr      0%         2d5       26%         1
 Summon Small Mammal      Summ           0%         N/A       26%         1
 Call Canine Familiar     Summ           0%         N/A       58%         3
 Confusing Touch          Hex            0%         N/A       58%         3
 Dispel Undead            Necr           0%         3d6       94%         4
 Haunt                    Necr/Summ      0%         N/A       100%        7
 Maxwell's Capacitive Co  Air            0%         ∞         100%        8


Dungeon Overview and Level Annotations

Branches:
Dungeon (5/15)
 Temple: D:4-7

Altars:
Ashenzari
Sif Muna
Wu Jian


Innate Abilities, Weirdness & Mutations

You are a hulking beast.
Your limbs bulge with bestial killing power. (Slay +2)
You cannot wear most types of armour.
You are amphibious.
You can wear up to eight rings at the same time.
Your skin changes colour to match your surroundings (Stealth+).
Your rubbery body absorbs attacks. (AC +1, EV +1)
((You are camouflaged when in or above water. (Stealth+)))
You have tentacles for arms and can constrict up to eight enemies at once.


Message History

The ice beast closely misses you.
You barely miss the ice beast.
Your tentacle-slap misses the ice beast.
You squeeze the ice beast!
The ice beast is heavily wounded.
The ice beast hits you. The ice beast freezes you!
You tentacle-slap the ice beast but do no damage.
The ice beast is heavily wounded.
The ice beast barely misses you.
You tentacle-slap the ice beast but do no damage.
You squeeze the ice beast, but do no damage.
The ice beast is heavily wounded.
The ice beast hits you but does no damage.
You closely miss the ice beast.
The ice beast is heavily wounded.
The ice beast barely misses you.
You tentacle-slap the ice beast but do no damage.
The ice beast is heavily wounded.
You barely miss the ice beast.
The ice beast is heavily wounded.
The ice beast misses you.
You tentacle-slap the ice beast but do no damage.
The ice beast is heavily wounded.
The ice beast barely misses you.
You tentacle-slap the ice beast but do no damage.
You squeeze the ice beast.
The ice beast is severely wounded.
The ice beast barely misses you.
You bludgeon the ice beast! Your squeeze misses the ice beast.
The ice beast is almost dead.
The ice beast hits you. The ice beast freezes you!
* * * LOW HITPOINT WARNING * * *
You tentacle-slap the ice beast.
Your tentacle-slap misses the ice beast.
You squeeze the ice beast, but do no damage.
The ice beast is almost dead.
The ice beast hits you.
* * * LOW HITPOINT WARNING * * *
The ice beast freezes you!
You die...

#.# #.# #.# #.#
#.# ##### #.#
#... #.##.#.# ##
#.#.##.##.#####.
#....†..hY......
###.##.##.#####.
##.#.# ## #...
##.## #.# #.#
#.#


You could see an ice beast.

Vanquished Creatures
  A howler monkey (D:5)
  A bombardier beetle (D:4)
  2 hounds
  Ijyb (D:4)
  An iguana (D:4)
  An orc wizard (D:3)
  Robin (D:3)
  4 adders
  2 dart slugs (D:1)
  2 ribbon worms
  6 orcs
  8 ball pythons
  8 bats
  9 endoplasms
  7 giant cockroaches
  6 hobgoblins
  3 jackals (D:1)
  11 kobolds
  2 quokkas
  4 frilled lizards
  11 goblins
  3 rats
94 creatures vanquished.

Notes
Turn   | Place    | Note
-------+----------+-------------------------------------------
     0 | D:1      | timneilson the Octopode Shapeshifter began the quest for
                  | the Orb.
     0 | D:1      | Reached XP level 1. HP: 13/13 MP: 1/1
   102 | D:1      | Reached XP level 2. HP: 14/18 MP: 2/2
   309 | D:1      | Got Timaoduidyu's Notes on Meteoric Allies
   334 | D:1      | Reached skill level 1 in Stealth
   336 | D:1      | Reached XP level 3. HP: 23/23 MP: 3/3
  1261 | D:2      | Found a shimmering blue altar of Sif Muna.
  1378 | D:2      | Reached XP level 4. HP: 28/28 MP: 4/4
  1872 | D:3      | Noticed Robin
  1882 | D:3      | Killed Robin
  2021 | D:3      | Reached XP level 5. HP: 30/34 MP: 5/5
  2573 | D:3      | Identified a scroll of acquirement
  2573 | D:3      | Acquired the ring "Wuecw" {rCorr Int+4 SInv}
  2598 | D:4      | Noticed Ijyb
  2608 | D:4      | Killed Ijyb
  2992 | D:4      | Reached XP level 6. HP: 39/39 MP: 6/6
  3390 | D:4      | Found an ornate altar of the Wu Jian Council.
  3391 | D:4      | Found a broken altar of Ashenzari.
  3689 | D:5      | Entered Level 5 of the Dungeon
  3734 | D:5      | Reached skill level 1 in Evocations
  3758 | D:5      | Noticed an ice beast
  3779 | D:5      | Mangled by an ice beast

Illustrated notes

Levels and vault maps discovered:
D:1:      dpeg_arrival_chambers_temple_mockup, layout_basic,
          minmay_tiny_reverse_x
D:2:      layout_basic, basic_altar
D:3:      layout_loops_ring, kennysheep_cross_bottleneck, uniq_robin
D:4:      layout_basic, gammafunk_temple_overflow_pools,
          serial_co_window_serial, co_window_corner_a, co_window_paths_a,
          co_window_paths_a, co_window_paths_a, co_window_paths_a,
          co_window_unsneaky_path_a, co_window_2corner, co_window_corner_b,
          co_window_2corner, co_window_paths_d, co_window_paths_e, uniq_ijyb
D:5:      layout_loops_ring, minmay_temple_entry_gardened_gates

Skill      XL: |  1  2  3  4  5  6 |
---------------+-------------------+-----
Stealth        | 1 2 |  2.6
Dodging        | 3 |  3.7
Unarmed Combat | 4 |  4.4
Fighting       | 2 |  2.3
Shapeshifting  | 4 |  4.1
Evocations     | 1 |  1.0

Action                     |  1- 3 |  4- 6 || total
---------------------------+-------+-------++-------
  Melee: Unarmed           |    62 |   117 ||   179
         Constrict         |    14 |    29 ||    43
         Tentacles         |    12 |    24 ||    36
         Punch             |     4 |     4 ||     8
    Use: Scroll            |     1 |     7 ||     8
   Stab: Sleeping          |     9 |     8 ||    17
 Armour: Skin              |    21 |    44 ||    65
  Dodge: Dodged            |    34 |    63 ||    97

Table legend: (Time is in decaauts)
 A = Elapsed time spent in this place.
 B = Non-inter-level travel time spent in this place.
 C = Inter-level travel time spent in this place.
 D = Time resting spent in this place.
 E = Time spent auto-exploring this place.
 F = Levels seen in this place.
 G = Mean time per level.
                   A        B        C        D        E       F      G
               +--------+--------+--------+--------+--------+-----+--------+
         Total |   3765 |   3644 |    121 |    164 |   2895 |   5 |  753.0 |
       Dungeon |   3765 |   3644 |    121 |    164 |   2895 |   5 |  753.0 |
               +--------+--------+--------+--------+--------+-----+--------+

Top non-repeatable levels by time:
     D:1: 1118 daAuts
     D:4: 1088 daAuts
     D:3: 817 daAuts
     D:2: 653 daAuts
     D:5: 87 daAuts
